Unix NetHack Version 3.7.0-89 Work-in-progress - last build Sep 7 2023 15:16:41 (8494bff02b67719303c47e298deaa89034127798,branch:master). Game began 2023-09-15 16:29:41, ended 2023-09-17 10:12:18. torpedojuice, chaotic female human Valkyrie ----- |... 1 --- --.1--------- ...-- --.1.|..@....| %....---...5|.a.....| ........@AAA.....@@..| .......---...1|...@.A.| ......-- --44.|.......| --%---- --.4--------- ------..)| |... 5 4 |.....)%.!| ----- -...------- ....| .--- Torpedojuice the Warrior St:25 Dx:17 Co:18 In:16 Wi:16 Ch:13 Chaotic Astral Plane $:0 HP:243(254) Pw:15(19) AC:-25 Exp:14 T:40563 Latest messages: The Angel of Loki swings his long sword at the giant beetle. The Angel of Loki hits the giant beetle. The Angel of Loki hits the giant beetle. The renegade priestess of Tyr picks up a potion of paralysis. Ken the Roamer zaps a wand of magic missile! The magic missile whizzes by you! The magic missile bounces! The magic missile bounces! The Angel of Loki points and curses at your displaced image. The renegade priestess of Tyr hurls a potion of paralysis! The potion of paralysis misses the fire ant. The vial crashes on your head and breaks into shards. The potion of paralysis evaporates. You stiffen momentarily. What do you want to zap? [eyzJ or ?*] You may wish for an object. r - a greased visored helmet. Your movements are slowed slightly because of your load. The Angel of Odin points at you, then curses. The Angel of Loki points and curses at your displaced image. What do you want to take off? [CDEF or ?*] The Angel of Odin points at you, then curses. You finish taking off your helm. The Angel of Odin swings her long sword at the giant beetle. The Angel of Odin hits the giant beetle. The Angel of Odin swings her long sword at the giant beetle. The Angel of Odin hits the giant beetle. The Angel of Odin hits the giant beetle. The Angel of Tyr points at you, then curses. "Dost thou wish to receive thy final blessing?" The renegade Angel of Tyr points at you, then curses. The Angel of Loki points at you, then curses. What do you want to wear? [rF or ?*] Pat the invisible Sharpshooter picks up 7 shuriken. The Angel of Tyr swings her long sword at it. The Angel of Tyr hits it. The Angel of Loki points at you, then curses. You finish your dressing maneuver. Your mind oscillates briefly. You are blasted by the Orb of Fate's power! The visored helmet glows black for a moment. There is a high altar to Loki (chaotic) here. What do you want to sacrifice? [S or ?*] You offer the Amulet of Yendor to Loki... An invisible choir sings, and you are bathed in radiance... The voice of Loki booms out: "Mortal, thou hast done well!" "In return for thy service, I grant thee the gift of Immortality!" You ascend to the status of Demigoddess... Do you want your possessions identified? [ynq] (y) Do you want to see your attributes? [ynq] (y) Inventory: Amulets X - a blessed amulet of reflection (being worn) Weapons a - the blessed rustproof +7 Frost Brand (wielded in right hand) w - a blessed +6 silver saber (wielded in left hand) Armor r - a cursed greased rustproof +0 helm of opposite alignment (being worn) A - a blessed greased fireproof +5 T-shirt with text "I survived Yendor Military Boot Camp" (being worn) B - a blessed +4 gray dragon scale mail (being worn) C - a blessed fireproof +5 cloak of displacement (being worn) D - an uncursed fireproof +5 pair of speed boots (being worn) E - a blessed rustproof +3 pair of gauntlets of power (being worn) F - a blessed rustproof +3 helm of telepathy Comestibles L - an uncursed lizard corpse named kebabtallrik Potions q - an uncursed potion of paralysis Rings g - a blessed ring of free action (on left hand) V - a blessed ring of conflict (on right hand) Wands e - an uncursed wand of wishing (1:2) y - an uncursed wand of death (1:3) z - an uncursed wand of digging (0:1) J - an uncursed wand of teleportation (0:6) Tools b - a blessed greased bag of holding containing 78 items k - an uncursed skeleton key s - an empty cursed oilskin sack named cancellation t - a blessed towel u - an uncursed +0 unicorn horn v - a blessed magic lamp (lit) x - the blessed Orb of Fate (0:5) I - the uncursed Bell of Opening (0:0) Contents of the bag of holding: a blessed amulet of flying an uncursed amulet of life saving the blessed rustproof +6 Mjollnir an uncursed +0 oilskin cloak 7 uncursed food rations an uncursed lizard corpse named KFC 23 blessed scrolls of blank paper 2 uncursed scrolls of blank paper a blessed scroll of charging 2 uncursed scrolls of earth 2 uncursed scrolls of enchant armor an uncursed scroll of enchant weapon a blessed scroll of identify 2 uncursed scrolls of identify 5 blessed scrolls of remove curse 3 blessed scrolls of scare monster 3 uncursed scrolls of taming a blessed diluted potion of extra healing an uncursed diluted potion of extra healing 4 blessed diluted potions of full healing an uncursed diluted potion of full healing an uncursed potion of gain energy 2 uncursed potions of healing 2 uncursed potions of paralysis a cursed potion of paralysis 15 potions of holy water 5 uncursed potions of water a potion of unholy water an uncursed ring of conflict an uncursed ring of free action an uncursed ring of free action an uncursed ring of free action a blessed ring of levitation an uncursed ring of levitation an uncursed ring of levitation an uncursed ring of regeneration an uncursed ring of regeneration an uncursed ring of regeneration a blessed ring of shock resistance an uncursed ring of shock resistance an uncursed ring of slow digestion a blessed ring of teleport control an uncursed ring of teleport control an uncursed ring of teleport control an uncursed wand of cold (0:6) an uncursed wand of cold (0:4) an uncursed wand of death (1:8) an uncursed wand of death (0:6) an uncursed wand of death (1:5) an uncursed wand of digging (0:8) an uncursed wand of digging (0:8) an uncursed wand of digging (0:7) an uncursed wand of digging (0:7) an uncursed wand of digging (0:7) an uncursed wand of digging (0:6) an uncursed wand of digging (0:6) an uncursed wand of digging (0:5) an uncursed wand of digging (0:2) an uncursed wand of lightning (0:7) an uncursed wand of lightning (0:7) an uncursed wand of lightning (0:5) an uncursed wand of lightning (0:4) an uncursed wand of lightning (0:3) a blessed wand of polymorph (0:8) an uncursed wand of polymorph (0:1) a blessed wand of sleep (0:5) an uncursed wand of slow monster (0:7) an uncursed wand of slow monster (0:6) an uncursed wand of slow monster (0:4) an uncursed wand of striking (0:4) an uncursed wand of striking (0:3) an uncursed wand of teleportation (0:6) an uncursed wand of teleportation (0:3) an uncursed bugle a blessed magic marker (0:20) an uncursed magic whistle an uncursed rusty +0 pick-axe an uncursed amethyst stone Torpedojuice the Valkyrie's attributes: Background: You were a Warrior, a level 14 human Valkyrie. You were chaotic, temporarily on a mission for Loki who was opposed by Tyr (lawful) and Odin (neutral). You were actually lawful. You were in the endgame, on the Astral Plane. You entered the dungeon 40563 turns ago. There was a new moon in effect when your adventure ended. You had 126241 experience points, 33759 more were needed to attain level 15. Basics: You had 243 out of 254 hit points. You had 15 out of 19 energy points (spell power). Your armor class was -25. Your wallet was empty. Autopickup was off. Final Characteristics: Your strength was 25 (base:18/54, innate limit:18/100). Your dexterity was 17 (peak:18, limit:18). Your constitution was 18 (limit:18). Your intelligence was 16 (limit:18). Your wisdom was 16 (peak:18, limit:18). Your charisma was 13 (limit:18). Final Status: You were not hungry. You were unencumbered. You were wielding two weapons at once. You were skilled in long sword and two weapons. Your two weapon skill was limited by being basic with saber. Final Attributes: You were the Hand of Elbereth. You were fervently aligned. You were magic-protected. You were fire resistant. You were cold resistant. Your items were protected from cold. You were sleep resistant. You were disintegration resistant. You were shock resistant. You were poison resistant. You saw invisible. You were telepathic. You were warned. You were invisible to others. You were displaced. You were stealthy. You caused conflict. You were warded. You took half physical damage. You took half spell damage. You were very fast. You had reflection. You had free action. You were extremely lucky. You had extra luck. Good luck did not time out for you. You survived. Miscellaneous: You never encountered a bones level. Total elapsed playing time was 6 hours and 15 minutes. Major events: Turn 1: torpedojuice the lawful human Valkyrie entered the dungeon 1222: entered the Gnomish Mines 1313: attained the rank of Skirmisher (level 3) 3043: attained the rank of Fighter (level 6) 3312: reached Mine Town 4222: was bestowed with Mjollnir by Tyr 5660: was bestowed with Dragonbane by Tyr 6783: made her first wish - "blessed greased fixed +2 gray dragon scale mail", got "a greased gray dragon scale mail" 7570: entered Sokoban 7899: completed 1st Sokoban level 8568: completed 2nd Sokoban level 9050: completed 3rd Sokoban level 9848: completed 4th Sokoban level 9931: acquired the Sokoban amulet of reflection 11696: attained the rank of Woman-at-arms (level 10) 11822: acquired the Mines' End luckstone 13243: was bestowed with Frost Brand by Tyr 13497: was bestowed with Snickersnee by Tyr 15551: found Grimtooth in a shop 20213: wished for "2 blessed scrolls of charging", got "a scroll labeled DUAM XNAHT" 20216: wished for "blessed greased greased greased greased greased fixed bag of holding", got "a greased bag" 25940: was crowned "The Hand of Elbereth" by Tyr 28281: killed Medusa 29338: entered Gehennom 29714: attained the rank of Warrior (level 14) 30753: wished for "blessed greased fixed +2 gauntlets of power", got "a greased pair of padded gloves" 30761: wished for "blessed greased fixed +2 t-shirt", got "a greased T-shirt" 30887: wished for "blessed greased fixed +2 helm of telepathy", got "a greased etched helmet" 33562: found the Orb of Fate on the floor 33630: killed Lord Surtur 33632: acquired the Bell of Opening 34234: killed Yeenoghu 34679: bribed Asmodeus with 20 zorkmids for safe passage 35077: killed Juiblex 35883: wished for "blessed fixed ring of free action", got "a ring of free action" 35960: bribed Baalzebub with 5 zorkmids for safe passage 36675: destroyed Vlad the Impaler 36676: acquired the Candelabrum of Invocation 37239: killed Orcus 38804: killed the Wizard of Yendor 38808: acquired the Book of the Dead 38872: performed the invocation 39041: killed the high priestess of Moloch 39049: acquired The Amulet of Yendor 39213: killed the Wizard of Yendor (2nd time) 39509: wished for "blessed magic marker", got "a magic marker" 39875: killed the Wizard of Yendor (3rd time) 40325: entered the Elemental Planes 40325: entered Plane of Earth 40326: killed the Wizard of Yendor (5th time) 40360: entered Plane of Air 40423: entered Plane of Fire 40466: entered Plane of Water 40524: entered the Astral Plane 40545: killed Famine 40547: found Vorpal Blade carried by a monster 40560: wished for "blessed greased fixed +2 helm of opposite alignment", got "a greased visored helmet" 40563: ascended Vanquished creatures: Orcus Yeenoghu Juiblex the Wizard of Yendor (5 times) Famine Vlad the Impaler an arch-lich a high cleric a mastodon Medusa 5 krakens 8 master liches 2 storm giants 2 glass golems a balrog 2 purple worms a gray dragon a gold dragon 3 silver dragons 3 red dragons 3 white dragons an orange dragon 2 black dragons 2 blue dragons 2 yellow dragons 27 minotaurs 2 jabberwocks Lord Surtur a baluchitherium 2 Angels 9 demiliches 2 stone golems an Olog-hai a Nazgul 4 pit fiends 3 sandestins a hell hound 2 displacer beasts 6 titanotheres 4 trappers a baby gray dragon 5 disenchanters 24 vampire leaders 4 skeletons 9 aligned clerics 3 captains 5 shades 11 liches 4 water trolls a clay golem 6 nurses an ice devil 2 nalfeshnees 2 lurkers above an Aleax an ettin a golden naga 12 black puddings 26 vampires 4 lieutenants 26 ghosts 2 queen bees 2 winged gargoyles 2 mind flayers 12 giant mimics 4 long worms 5 zruties 29 fire giants 3 ogre tyrants 2 ice trolls 5 rock trolls 5 umber hulks 2 flesh golems 5 elven monarchs 2 doppelgangers 6 hezrous 19 bone devils 8 large mimics 3 wumpuses 2 fire vortices a baby purple worm 5 stalkers 6 air elementals 3 fire elementals 3 earth elementals 5 water elementals 5 hill giants 5 giant mummies a black naga 4 xorns 14 giant zombies 7 elf-nobles 6 sergeants 3 barbed devils 14 vrocks 4 salamanders 12 wargs a winter wolf 7 hell hound pups 18 small mimics 6 warhorses 2 steam vortices 6 xans 4 ettin mummies 4 ogre leaders 10 quantum mechanics 23 trolls a sasquatch 2 wood golems 3 erinyes 2 mariliths 4 sharks an electric eel 7 gelatinous cubes 2 pyrolisks 4 large dogs 4 freezing spheres 4 flaming spheres 6 shocking spheres 2 large cats 4 tigers 4 gargoyles 2 tengu 7 ochre jellies 4 leocrottas 3 energy vortices 5 mountain centaurs 2 stone giants 6 elf mummies a human mummy 4 red nagas a green slime 3 pythons a pit viper 2 cobras 36 wraiths 18 ettin zombies 11 Grey-elves 62 soldiers 2 watchmen 5 amorous demons 7 horned devils 6 chameleons 3 crocodiles 11 giant beetles 7 quivering blobs 18 cockatrices 10 wolves 7 winter wolf cubs 2 lynxes 8 panthers 8 gremlins 7 spotted jellies 51 leprechauns 4 orc-captains an iron piercer 3 mumakil 11 giant spiders 5 scorpions 4 horses 3 ice vortices 3 black lights 14 vampire bats 7 forest centaurs 8 gnome rulers 5 orc mummies a dwarf mummy 10 ogres 9 brown puddings 7 rust monsters 9 owlbears 3 yetis 4 gold golems a werewolf 4 Green-elves a piranha 10 giant eels 12 lizards 12 chickatrices 3 dingoes 4 dogs 3 housecats 7 jaguars 3 dwarf leaders 4 blue jellies 4 gray unicorns 4 black unicorns 7 dust vortices 5 ravens 5 plains centaurs 7 gnome mummies 5 snakes 8 apes 17 human zombies 7 rope golems 7 Woodland-elves 14 soldier ants 56 fire ants 9 bugbears 2 lemures 4 quasits 5 wood nymphs 8 water nymphs 4 mountain nymphs a Mordor orc 17 Uruk-hai 3 orc shamans 9 rock piercers 3 rock moles 4 ponies 5 fog clouds 10 yellow lights 4 shriekers 2 violet fungi 17 gnome leaders 9 gnomish wizards 6 kobold mummies 2 guardian naga hatchlings 9 gray oozes 3 barrow wights 10 elf zombies 11 ghouls 3 straw golems 5 jellyfish 20 giant ants 10 floating eyes a kitten 14 dwarves 6 homunculi 4 kobold leaders 4 kobold shamans 5 hill orcs 16 rothes 7 rabid rats 4 centipedes 9 giant bats 3 monkeys 10 orc zombies 12 dwarf zombies 2 wererats a werejackal 9 iguanas 58 killer bees 4 acid blobs a coyote 3 gas spores a hobbit 7 manes 2 large kobolds 20 hobgoblins 8 giant rats 11 cave spiders 4 brown molds 5 yellow molds 2 green molds 3 red molds 64 gnomes 9 garter snakes 12 gnome zombies 10 geckos 12 jackals 3 foxes 3 kobolds 11 goblins 6 sewer rats 18 grid bugs 5 bats 13 lichens 13 kobold zombies 8 newts 1873 creatures vanquished. Extinct species: erinyes (extinct) 1 species extinct. Voluntary challenges: You read items or engraved 119 times. You never engraved Elbereth. You never genocided any monsters. You never changed form. You used 9 wishes. You did not wish for any artifacts. You did not violate any of the special Sokoban rules. Achievements: You entered a shop. You entered the Gnomish Mines. You attained the rank of Skirmisher. You attained the rank of Fighter. You entered Minetown. You entered a temple. You entered Sokoban. You completed Sokoban. You attained the rank of Woman-at-arms. You completed the Gnomish Mines. You defeated Medusa. You entered Gehennom. You attained the rank of Warrior. You had the Bell of Opening. You handled the Candelabrum of Invocation. You handled the Book of the Dead. You gained access to Moloch's Sanctum. You reached the Elemental Planes. You reached the Astral Plane. You delivered the Amulet of Yendor. You ascended! The Elemental Planes: Astral Plane: <- You are here. A temple to Loki. Plane of Water: Plane of Fire: Plane of Air: Plane of Earth: The Dungeons of Doom: levels 1 to 28 Level 1: One way stairs up to The Elemental Planes. Level 2: A general store. Level 3: A delicatessen. Stairs down to The Gnomish Mines. Level 4: A scroll shop, a sink. Level 5: Some fountains. Oracle of Delphi. Level 6: Stairs up to Sokoban, level 5. Level 7: Some fountains. Level 8: A delicatessen, an altar. Level 9: "gem stash chest >" Some fountains. Level 10: A weapon shop. Level 11: "tripes" Some fountains. Level 12: Portal to The Quest. Level 13: A fountain. Level 14: An altar, some fountains, a grave. Level 15: Level 16: "pools" A general store. Level 17: A primitive area. Level 18: A temple, a sink. Level 19: Level 20: Level 21: "backup BoH in shop" A general store. Level 22: Level 23: Level 24: "barracks" Level 25: Level 26: "$ >" A fountain. Level 27: "SoR, % >" Level 28: "BoH, Holy water stash in /oWishing chest" A fountain. The castle. Connection to Gehennom. Gehennom: levels 29 to 51 Level 29: "crap wands >" A temple, many graves. Valley of the Dead. Level 30: Level 31: Level 32: Level 33: A fountain. Level 34: Level 35: Level 36: Level 37: Stairs up to Vlad's Tower, level 36. Level 38: Level 39: Some shops, an altar, many graves. Level 40: "! <" Level 41: Level 42: Level 43: Level 44: Level 45: Level 46: "wiz tower" Level 47: Level 48: Level 49: "ring stash" Level 50: Level 51: A temple, many graves. Moloch's Sanctum. The Gnomish Mines: levels 4 to 11 Level 4: Level 5: Level 6: "sell stash >" Level 7: "snicker, dragonbane _" Many shops, a temple, many fountains. Level 8: Level 9: Level 10: "poly trap" Level 11: A fountain. The Quest: levels 1 to 6 Level 1: A fountain. Completed quest for the Norn. Level 2: Level 3: Level 4: Level 5: Level 6: Sokoban: levels 5 up to 2 Level 2: Solved. Level 3: Solved. Level 4: Solved. Level 5: Solved. Vlad's Tower: levels 36 up to 34 Level 34: Level 35: Level 36: Farvel torpedojuice the Demigoddess... You went to your reward with 1098764 points, Frost Brand (worth 3000 zorkmids and 7500 points) Mjollnir (worth 4000 zorkmids and 10000 points) The Orb of Fate (worth 3500 zorkmids and 8750 points) The Bell of Opening (worth 5000 zorkmids and 12500 points) and 0 pieces of gold, after 40563 moves. You were level 14 with a maximum of 254 hit points when you ascended.